 Dungeon Crawl Stone Soup version 0.30-a0-462-gd5975efbca (webtiles) character file.

Game seed: 10016339019101078717

9074 PyroL the Placeless Draconian (level 11, -3/89 HPs)
             Began as a Red Draconian Warper on Dec 16, 2022.
             Was an Elder of Okawaru.
             Killed from afar by a starcursed mass (5 damage)
             ... with an accursed screaming
             ... on level 9 of the Dungeon.
             The game lasted 00:43:23 (13596 turns).

PyroL the Placeless Draconian (DrWr)               Turns: 13596, Time: 00:43:24

Health: -3/89      AC: 15    Str: 14 (15) XL:     11   Next: 18%
Magic:  15/17      EV: 29    Int: 26      God:    Okawaru [****..]
Gold:   511        SH:  0    Dex:  9 (10) Spells: 18/24 levels left

rFire   + + +      SeeInvis .    C - +1 dire flail (holy)
rCold   x x x      Faith    .    (shield currently unavailable)
rNeg    + . .      Spirit   .    (body armour unavailable)
rPois   +          Reflect  .    R - +2 hat
rElec   .          Harm     .    G - +2 ratskin cloak {*Rats rPois rN+ Str-1 Int-1 Dex+1}
rCorr   +          Rampage  .    (no gloves)
Will    .....      Rage     9%   j - +2 pair of boots "Kixeobe" {Int+6}
Stlth   +.........               E - amulet "Zucuede" {Acrobat Fragile rF++ Regen+ rCorr}
HPRegen 0.00/turn                d - +6 ring of intelligence
MPRegen 0.15/turn                y - +4 ring of slaying

@: acrobatic, inhibited regen, unable to read, unable to drink
A: breathe fire, AC +7, unfitting armour, fire resistance 1, cold-blooded, horns
1, [berserk 2], [clumsy 1], [deterioration 2], [frail 1], [low MP 2], [screaming
2], [inhibited regeneration], [no potion heal 2], [cold vulnerability 3],
[subdued magic 1], [inability to drink after injury 2], [inability to read after
injury 2]
a: Breathe Fire, Renounce Religion, Heroism, Finesse


You were on level 9 of the Dungeon.
You worshipped Okawaru.
Okawaru was greatly pleased with you.
You visited 2 branches of the dungeon, and saw 10 of its levels.
You visited the Abyss 1 time.
You also visited: Sewer.

You collected 511 gold pieces.

Inventory:

Hand Weapons
 h - a +1 whip of venom
 C - a +1 dire flail of holy wrath (weapon)
Missiles
 c - 7 boomerangs of dispersal (quivered)
 N - 13 boomerangs
Armour
 j - the +2 pair of boots "Kixeobe" (worn) {Int+6}
   (You acquired it on level 9 of the Dungeon)

   Int:       It affects your intelligence (+6).
 D - a +0 cloak
 G - the +2 ratskin cloak (worn) {*Rats rPois rN+ Str-1 Int-1 Dex+1}
   (You found it on level 6 of the Dungeon)

   When the wearer is hurt, rats may emerge from it to assist them.
   Str:       It affects your strength (-1).
   Int:       It affects your intelligence (-1).
   Dex:       It affects your dexterity (+1).
   rPois:     It protects you from poison.
   rN:        It protects you from negative energy.
 R - a +2 hat (worn)
Jewellery
 d - a +6 ring of intelligence (left hand)
 q - a ring of poison resistance
 y - a +4 ring of slaying (right hand)
 B - a +4 ring of protection
 E - the amulet "Zucuede" (around neck) {Acrobat Fragile rF++ Regen+ rCorr}
   (You found it on level 5 of the Dungeon)

   [amulet of the acrobat]

   It increases your evasion while moving and waiting.
   rF:        It greatly protects you from fire.
   Regen:     It increases your rate of health regeneration.
   rCorr:     It protects you from acid and corrosion.
   Fragile:   It will be destroyed if unequipped.
 L - a +4 ring of evasion
Wands
 n - a wand of roots (36)
 o - a wand of flame (53)
 K - a wand of quicksilver (5)
Scrolls
 a - a scroll of magic mapping {unknown}
 i - 3 scrolls of teleportation
 m - 2 scrolls of brand weapon
 p - 2 scrolls of vulnerability
 r - a scroll of fog {unknown}
 s - 2 scrolls of enchant weapon
 v - 2 scrolls of amnesia
 H - a scroll of identify
 P - a scroll of immolation {unknown}
Potions
 e - 4 potions of brilliance
 f - 6 potions of magic
 g - 9 potions of curing
 k - 4 potions of haste
 l - 3 potions of ambrosia
 t - a potion of lignification {unknown}
 u - a potion of experience {unknown}
 x - a potion of attraction {unknown}
 z - 2 potions of heal wounds
 F - a potion of might
 O - a potion of flight
 Q - a potion of berserk rage {unknown}


   Skills:
 - Level 10.0 Fighting
 - Level 2.0 Maces & Flails
 - Level 0.8 Throwing
 * Level 8.7 Dodging
 - Level 7.1 Spellcasting
 + Level 10.1 Translocations


You had 18 spell levels left.
You knew the following spells:

 Your Spells              Type           Power      Damage    Failure   Level
a - Blink                 Tloc           94%        N/A       1%          2
b - Manifold Assault      Tloc           47%        N/A       1%          4

Your spell library contained the following spells:

 Spells                   Type           Power      Damage    Failure   Level
 Lesser Beckoning         Tloc           94%        N/A       1%          3
 Portal Projectile        Hex/Tloc       54%        N/A       1%          3
 Teleport Other           Tloc           47%        N/A       1%          3
 Vhi's Electric Charge    Tloc/Air       54%        N/A       1%          3
 Ensorcelled Hibernation  Hex/Ice        14%        N/A       8%          2
 Passwall                 Tmut/Erth      5%         N/A       8%          2
 Wereblood                Tmut           7%         N/A       8%          2
 Frozen Ramparts          Ice            14%        1d3       16%         3
 Swiftness                Air            7%         N/A       16%         3
 Olgreb's Toxic Radiance  Pois           7%         N/A       47%         4
 Irradiate                Conj/Tmut      3%         3d12      83%         5
 Metabolic Englaciation   Hex/Ice        3%         N/A       83%         5
 Dragon Form              Tmut           3%         N/A       100%        7
 Tukima's Dance           Hex            Unusable   N/A       N/A         3
 Summon Mana Viper        Hex/Summ       Unusable   N/A       N/A         5

Dungeon Overview and Level Annotations

Branches:
Dungeon (9/15)             Temple (1/1) D:6            Lair (0/5) D:9
  Sewer (visited)
    Orc: D:9-12

Altars:
Ashenzari
Cheibriados
Dithmenos
Elyvilon
Fedhas
Gozag
Hepliaklqana
Kikubaaqudgha
Makhleb
Nemelex Xobeh
Okawaru
Qazlal
Ru
Sif Muna
Trog
Uskayaw
Vehumet
Wu Jian
Xom
Yredelemnul
Zin
The Shining One

Shops:
D:4 [   D:7 =

Annotations:
D:9 1 runed translucent door, exclusion: obsidian statue, Erolcha


Innate Abilities, Weirdness & Mutations

You can breathe blasts of fire.
Your fiery red scales are hard. (AC +7)
You cannot fit into any form of body armour.
Your flesh is heat resistant. (rF+)
You are cold-blooded and may be slowed by cold attacks.
You have a pair of small horns on your head.
[You have an uncontrollable temper.]
[You are clumsy. (Dex -2)]
[Your body often deteriorates upon taking damage.]
[You are frail. (-10% HP)]
[Your magical capacity is very low. (-20% MP)]
[You frequently scream uncontrollably at your foes.]
[You do not regenerate when monsters are visible.]
[Potions cannot restore your health.]
[You are extremely vulnerable to cold. (rC---)]
[Your spells are a little easier to cast, but a little less powerful.]
[You sometimes lose the ability to drink potions when taking damage.]
[You sometimes lose the ability to read scrolls when taking damage.]


Message History

You can move again.
There is a gateway leading out of the Abyss, spattered with blood here.
The black mamba closely misses you.
The wretched star pulses with an eldritch light!
You feel vulnerable to cold. x2
The worldbinder hits you but does no damage.
The worldbinder closely misses you.
The starcursed mass touches you but does no damage.
You pass through the gate.
Welcome back to the Dungeon!
Level annotation: 1 runed translucent door, exclusion: obsidian statue, Erolcha The fire bat bites you but does no damage. x2
Okay, then.
Unknown command.
Casting: Manifold Assault (mildly dangerous; 1% risk of failure)
Confirm with . or Enter, or press ? or * to list all spells.
You blink.
The starcursed mass shrieks in your mind.
* * * LOW HITPOINT WARNING * * *
Unknown command.
The fire bat completely misses you.
Erolcha gestures wildly while chanting.
Erolcha flickers and vanishes!
Deactivating autopickup; reactivate with Ctrl-A.
The starcursed mass shrieks in your mind.
* * * LOW HITPOINT WARNING * * *
There is an open door here.
The fire bat completely misses you.
The starcursed mass shrieks in your mind.
* * * LOW HITPOINT WARNING * * *
There's a creature in the doorway!
The fire bat closely misses you.
You hear some strange, mumbled words.
A fireball appears from out of thin air!
The fireball explodes!
The fireball engulfs the fire bat.
The fire bat completely resists.
The fireball engulfs you. You resist.
* * * LOW HITPOINT WARNING * * *
The fire bat barely misses you.
The starcursed mass shrieks in your mind.
You die...

#8)8##### ##......# #
##'##...## #.###### # ##
#)#.....#####..## # #.
##.##...###.###..### #
... #'##...##'#
#...###...### # .⌠.#
#.........###._.#
###...# #
...'#..###'###..#'...#
###.# #
##..###...###..##.##
#.## #
###..##.......##@.###...
#..# #
.'....'...X...'b...'....
##.###
###..##.......##..###...
#.... ##..###..{###..##
. ####. '#. ##'## ..#'
## .# #. .... ..# #. #.
.. +##8.8##' .. #. #.
##+##.. .# #. ### #.#..
## #.


You could see a starcursed mass and a fire bat.

Vanquished Creatures
  3 death yaks (D:8)
  A worldbinder (Abyss:1)
  2 ancient zymes (Abyss:1)
  A hornet (D:8)
  A spriggan (D:8)
  2 shadows (D:9)
  Sigmund (D:4)
  3 wraiths (D:9)
  A chaos spawn (Abyss:1)
  4 fire bats (D:9)
  Edmund (D:4)
  5 orc warriors
  5 small abominations (Abyss:1)
  2 ice beasts (D:7)
  A sky beast (D:7)
  A black bear (D:6)
  3 centaurs
  2 phantoms
  3 kobold brigands
  5 bullfrogs
  A scorpion (D:7)
  2 necrophages
  8 wights
  3 killer bees (D:9)
  8 orc priests
  A jelly (D:5)
  Crazy Yiuf (D:4)
  2 gnoll boudas
  4 hounds
  Natasha (thrice) (D:3)
  Terence (D:2)
  7 iguanas
  2 hell rats (D:9)
  12 orc wizards
  Robin (D:3)
  4 adders
  18 gnolls
  3 river rats
  A shadow imp (D:6)
  A white imp (D:6)
  2 ufetubi
  5 worms
  A dart slug (D:1)
  34 orcs
  10 ball pythons
  11 bats
  7 endoplasms
  6 giant cockroaches
  13 goblins
  10 hobgoblins
  7 jackals
  3 quokkas (D:1)
  3 frilled lizards
  24 kobolds
  7 rats
  A starspawn tentacle (Abyss:1)
274 creatures vanquished.

Vanquished Creatures (others)
  2 plants (D:2)
  2 starspawn tentacles (Abyss:1)
4 creatures vanquished.

Grand Total: 278 creatures vanquished

Notes
Turn   | Place    | Note
-------+----------+-------------------------------------------
     0 | D:1      | PyroL the Draconian Warper began the quest for the Orb.
     0 | D:1      | Reached XP level 1. HP: 17/17 MP: 3/3
   200 | D:1      | Reached XP level 2. HP: 23/25 MP: 5/5
   505 | D:1      | Reached XP level 3. HP: 24/30 MP: 6/6
   710 | D:1      | Learned a level 2 spell: Blink
  1493 | D:2      | Reached XP level 4. HP: 31/37 MP: 7/7
  1609 | D:2      | Got the Excursus on Venom and Permutations
  2436 | D:3      | Noticed Natasha
  2436 | D:3      | Noticed Terence
  2461 | D:2      | Killed Terence
  2462 | D:2      | Reached XP level 5. HP: 35/45 MP: 9/9
  2606 | D:3      | Killed Natasha
  2643 | D:3      | Noticed Natasha
  2665 | D:3      | Killed Natasha
  2980 | D:3      | Noticed Natasha
  2991 | D:3      | Killed Natasha
  3117 | D:3      | Reached skill level 5 in Translocations
  3124 | D:3      | Noticed Robin
  3132 | D:3      | Killed Robin
  3321 | D:4      | Reached XP level 6. HP: 48/52 MP: 9/11
  3413 | D:4      | Found a glowing drain.
  3470 | Sewer    | Entered a sewer
  4229 | D:4      | Got the Grimoire of Bewitchment and Glaciation
  4399 | D:4      | Your scales start taking on a fiery red colour.
  4399 | D:4      | Reached XP level 7. HP: 51/60 MP: 12/12
  4399 | D:4      | Gained mutation: Your flesh is heat resistant. (rF+) [Red
                  | Draconian growth]
  4579 | D:4      | Found Qommir's Armour Shop.
  4678 | D:4      | Found a runed translucent door.
  4679 | D:4      | Noticed Crazy Yiuf
  4810 | D:4      | Noticed Edmund
  4823 | D:4      | Killed Edmund
  4921 | D:4      | Noticed Sigmund
  4927 | D:4      | Killed Sigmund
  4928 | D:4      | Reached skill level 5 in Fighting
  5001 | D:4      | Killed Crazy Yiuf
  5059 | D:5      | Entered Level 5 of the Dungeon
  5088 | D:5      | Found a shimmering altar of Xom.
  5089 | D:5      | Found a radiant altar of Vehumet.
  5207 | D:5      | Identified the amulet "Zucuede" {Acrobat Fragile rF++
                  | Regen+ rCorr}
  5226 | D:5      | Found a glowing golden altar of the Shining One.
  5306 | D:5      | Reached XP level 8. HP: 69/69 MP: 15/15
  5759 | D:6      | Found a sparkling altar of Nemelex Xobeh.
  5783 | D:6      | Reached skill level 5 in Spellcasting
  5918 | D:6      | Learned a level 4 spell: Manifold Assault
  5954 | D:6      | Found the +2 ratskin cloak {*Rats rPois rN+ Str-1 Int-1
                  | Dex+1}
  6258 | D:6      | Found a staircase to the Ecumenical Temple.
  6289 | Temple   | Entered the Ecumenical Temple
  6308 | Temple   | Became a worshipper of Warmaster Okawaru
  7706 | D:7      | Reached XP level 9. HP: 81/81 MP: 17/17
  7785 | D:7      | Reached * piety under Okawaru
  8000 | D:7      | Found a hide-covered altar of Uskayaw.
  8226 | D:7      | Found Lymorghee's Jewellery Emporium.
  8270 | D:7      | Found a burning altar of Makhleb.
  8891 | D:8      | Reached skill level 10 in Fighting
  9083 | D:8      | Reached ** piety under Okawaru
  9675 | D:9      | Noticed an obsidian statue
  9681 | D:9      | Noticed an ice devil
  9861 | D:9      | Noticed a hellwing
  9862 | D:9      | Noticed a soul eater
  9862 | D:9      | Noticed a soul eater
  9986 | D:9      | Noticed Erolcha
 10169 | D:9      | Noticed a death yak
 10170 | D:9      | Noticed a death yak
 10171 | D:9      | Noticed a death yak
 10234 | D:8      | Killed a death yak
 10235 | D:8      | Reached XP level 10. HP: 93/93 MP: 3/20
 10483 | D:8      | Killed a death yak
 10483 | D:8      | Reached *** piety under Okawaru
 10484 | D:8      | Reached skill level 5 in Dodging
 10729 | D:8      | Killed a death yak
 11176 | D:9      | Found a staircase to the Lair.
 11297 | D:8      | Received a gift from Okawaru
 11889 | D:8      | Gained mutation: [You are frail. (-10% HP)] [potion of
                  | mutation]
 11889 | D:8      | Gained mutation: You have sharp toenails. [potion of
                  | mutation]
 12154 | D:9      | Identified a scroll of acquirement
 12155 | D:9      | Acquired the +2 pair of boots "Kixeobe" {Int+6}
 12345 | D:9      | Found a hide-covered altar of Uskayaw.
 12352 | D:9      | Found a shimmering altar of Xom.
 12480 | D:9      | Noticed an orange demon
 12490 | D:9      | Gained mutation: [You are very frail. (-20% HP)] [a
                  | neqoxec]
 12603 | D:9      | Lost mutation: [You are very frail. (-20% HP)] [potion of
                  | mutation]
 12603 | D:9      | Lost mutation: You have sharp toenails. [potion of
                  | mutation]
 12603 | D:9      | Gained mutation: You have a pair of small horns on your
                  | head. [potion of mutation]
 12603 | D:9      | Lost mutation: [You are frail. (-10% HP)] [potion of
                  | mutation]
 12633 | D:9      | Received a gift from Okawaru
 13093 | D:9      | Reached **** piety under Okawaru
 13099 | D:9      | Found a sparkling altar of Nemelex Xobeh.
 13125 | D:9      | Found a runed translucent door.
 13133 | D:9      | Noticed a flayed ghost
 13139 | Abyss:1  | Cast into level 1 of the Abyss (Erolcha)
 13142 | Abyss:1  | Noticed a bone dragon
 13280 | Abyss:1  | Reached XP level 11. HP: 89/99 MP: 16/21
 13301 | Abyss:1  | Noticed a wretched star
 13371 | Abyss:1  | Noticed a wretched star
 13394 | Abyss:1  | Noticed a wretched star
 13410 | Abyss:1  | Noticed a green very ugly thing
 13410 | Abyss:1  | Noticed a tentacled starspawn
 13413 | Abyss:1  | Noticed a white very ugly thing
 13413 | Abyss:1  | Noticed a green very ugly thing
 13413 | Abyss:1  | Noticed a white very ugly thing
 13489 | Abyss:1  | Reached skill level 10 in Translocations
 13584 | Abyss:1  | Noticed a wretched star
 13585 | Abyss:1  | Noticed a starcursed mass
 13586 | Abyss:1  | Noticed a naga warrior
 13589 | Abyss:1  | Paralysed by accursed screaming for 2 turns
 13592 | D:9      | Escaped the Abyss
 13596 | D:9      | HP: 2/89 [something/fireball (5)]
 13596 | D:9      | Killed from afar by a starcursed mass

Illustrated notes

Levels and vault maps discovered:
D:1:      lemuel_arrival_room, layout_basic, minmay_misc_feat_enclosed
D:2:      layout_basic, serial_forest, infiniplex_forest_lined_corner,
          infiniplex_forest_zigzag_2, infiniplex_forest_lined_3,
          infiniplex_forest_clump_long, infiniplex_forest_diagonal,
          infiniplex_forest_lined_room_2, infiniplex_forest_corner_2,
          infiniplex_forest_lined_2, infiniplex_forest_pool, minmay_3d_cube
D:3:      layout_loops_cross, uniq_robin, uniq_natasha, uniq_terence
D:4:      layout_loops_cross, serial_shops, shop, cheibrodos_sewer_entry_bend,
          sigmund_edmund_badplayer, uniq_crazy_yiuf_cottage
D:5:      layout_loops_cross, nicolae_overflow_hidden_temple,
          mainiacjoe_overflow_surrounded_room, minivault_23, uniq_edmund
D:6:      layout_layer_cave, mainiacjoe_overflow_cross_hatched, temple_fountains
D:7:      layout_basic, mainiacjoe_overflow_big_doors, serial_shops,
          nicolae_shop_hallway_stairs
D:8:      layout_loops_cross, lightli_bailey_entry_fortress, the_hattery
D:9:      due_megacathedral, layout_basic, dpeg_lair_monsters,
          minmay_protected_statue, uniq_erolcha
Temple:   eino_temple_scatter_basement

Skill      XL: |  1  2  3  4  5  6  7  8  9 10 11 |
---------------+----------------------------------+-----
Translocations | 4 5 6 7 8 9 10 | 10.1
Fighting       | 3 4 5 8 10 | 10.0
Spellcasting   | 3 4 5 7 |  7.1
Dodging        | 4 8 |  8.7
Maces & Flails | |  2.0
Throwing       | |  0.8

Action                   |  1- 3 |  4- 6 |  7- 9 | 10-12 || total
-------------------------+-------+-------+-------+-------++-------
Melee: Mace              |   139 |   252 |       |       ||   391
       Tailslap          |    10 |    37 |    65 |    29 ||   141
       Punch             |       |     5 |     8 |     1 ||    14
       Whip              |       |    45 |   364 |   184 ||   593
       Dire flail        |       |       |    58 |    95 ||   153
       Headbutt          |       |       |       |    17 ||    17
 Cast: Manifold Assault  |       |       |    38 |    44 ||    82
       Blink             |       |       |     1 |    10 ||    11
Invok: Heroism           |       |       |       |     1 ||     1
Evoke: Wand              |       |       |       |     2 ||     2
  Use: Scroll            |       |     6 |     1 |    11 ||    18
       Potion            |       |     1 |       |     5 ||     6
 Stab: Sleeping          |     2 |       |       |       ||     2
       Paralysed         |       |     2 |       |       ||     2
Armor: Skin              |    58 |   118 |   116 |    90 ||   382
Dodge: Dodged            |    96 |   174 |   226 |   217 ||   713

Table legend: (Time is in decaauts)
 A = Elapsed time spent in this place.
 B = Non-inter-level travel time spent in this place.
 C = Inter-level travel time spent in this place.
 D = Time resting spent in this place.
 E = Time spent auto-exploring this place.
 F = Levels seen in this place.
 G = Mean time per level.
                   A        B        C        D        E       F      G
               +--------+--------+--------+--------+--------+-----+--------+
         Total |  13857 |  13400 |    457 |   3540 |   6776 |  12 | 1154.8 |
       Dungeon |  12544 |  12103 |    441 |   3322 |   6216 |   9 | 1393.8 |
        Temple |    211 |    195 |     16 |      0 |    175 |   1 |  211.0 |
         Abyss |    471 |    471 |      0 |    158 |     19 |   1 |  471.0 |
         Sewer |    629 |    629 |      0 |     60 |    366 |   1 |  629.0 |
               +--------+--------+--------+--------+--------+-----+--------+

Top non-repeatable levels by time:
     D:8: 2876 daAuts
     D:9: 1836 daAuts
     D:6: 1709 daAuts
     D:3: 1280 daAuts
     D:4: 1242 daAuts
     D:2: 1092 daAuts
     D:1: 1010 daAuts
     D:7: 815 daAuts
     D:5: 679 daAuts
   Sewer: 629 daAuts
 Abyss:1: 471 daAuts
  Temple: 211 daAuts
